Map: Dusk Towers

Players

Kelazhur - Winner!

  • Race: Terran Terran
  • League: Master

Chubz

  • Race: Protoss Protoss
  • League: Master

Event: DreamHack ZOWIE Open Leipzig

VOD

Have the link to the VOD?

Description

Time

  • Played on: Jan. 22, 2016, 8:53 p.m.
  • Length: 6:10

All games in this series

Show
View Real Time Build Order
Export as new Build Order

Kelazhur Terran - Winner!

Build Orders:  

Get SALT Encoding   

  12  0:01  SCV  
  13  0:13  SCV  
  14  0:17  Supply Depot  
  14  0:25  SCV  
  15  0:39  SCV  
  15  0:42  Barracks  
  16  0:45  Refinery  
  16  0:51  SCV  
  17  1:03  SCV  
  18  1:15  SCV  
  19  1:28  Orbital Command  
  19  1:30  Barracks Reactor  
  19  1:43  Command Center  
  19  1:52  Supply Depot  
  20  1:54  SCV  
  20  2:05  Marine x2  
  20  2:06  SCV  
  23  2:22  Factory  
  22  2:23  SCV  
  22  2:25  Marine x2  
  25  2:33  Bunker  
  25  2:35  SCV, Refinery  
  26  2:43  Marine x2  
  28  2:47  SCV  
  29  2:57  SCV  
  30  3:01  Marine x2  
  32  3:06  Factory Tech Lab  
  32  3:07  SCV, Starport  
  33  3:16  Orbital Command  
  33  3:19  SCV  
  34  3:20  Marine  
  35  3:31  SCV  
  39  3:35  Cyclone, Marine  
  39  3:38  Marine  
  39  3:40  Supply Depot  
  41  3:44  SCV  
  41  3:45  SCV  
  43  3:48  Medivac  
  45  3:56  SCV  
  45  4:01  Marine x2  
  48  4:04  Supply Depot  
  48  4:06  SCV, Supply Depot  
  49  4:11  Siege Tank  
  52  4:21  SCV, Marine  
  52  4:22  Marine  
  53  4:32  SCV  
  53  4:36  Barracks  
  54  4:39  SCV  
  55  4:49  SCV  
  55  4:51  Bunker  
  56  4:54  Marine x2  
  56  4:57  Bunker  
  58  5:00  SCV  
  58  5:03  Siege Tank  
  58  5:04  Liberator  
  58  5:05  SCV  
  63  5:13  SCV, Bunker  
  64  5:16  Marine x2  
  64  5:18  SCV  
  70  5:29  SCV  
  70  5:31  SCV  
  68  5:41  SCV  
  69  5:43  SCV  
  70  5:50  Barracks Tech Lab  
  70  5:52  Refinery  
  70  5:56  Barracks  
  70  6:02  Bunker  
Show
View Real Time Build Order
Export as new Build Order

Chubz Protoss 

Build Orders:  

Get SALT Encoding   

  12  0:01  Probe (Chrono Boost)  
  13  0:11  Probe (Chrono Boost)  
  14  0:20  Pylon  
  14  0:22  Probe (Chrono Boost)  
  15  0:38  Probe (Chrono Boost)  
  15  0:40  Gateway  
  16  0:47  Assimilator  
  16  0:49  Probe (Chrono Boost)  
  17  0:57  Pylon  
  17  1:00  Probe (Chrono Boost)  
  18  1:10  Probe (Chrono Boost)  
  19  1:17  Gateway  
  19  1:22  Probe (Chrono Boost)  
  20  1:27  Cybernetics Core  
  20  1:32  Probe (Chrono Boost)  
  21  1:40  Assimilator  
  21  1:43  Probe (Chrono Boost)  
  22  1:53  Probe (Chrono Boost)  
  23  2:03  Adept (Chrono Boost)  
  23  2:04  Probe (Chrono Boost)  
  28  2:09  Adept (Chrono Boost)  
  28  2:11  Warp Gate  
  28  2:16  Pylon  
  28  2:23  Probe  
  31  2:31  Adept (Chrono Boost)  
  31  2:33  Robotics Facility  
  31  2:43  Adept (Chrono Boost)  
  33  2:49  Mothership Core (Chrono Boost)  
  35  3:03  Adept (Chrono Boost)  
  37  3:07  Pylon x2  
  37  3:09  Pylon  
  37  3:15  Pylon  
  37  3:16  Pylon  
  37  3:19  Adept (Chrono Boost)  
  39  3:32  Pylon  
  39  3:38  Pylon  
  39  3:47  Gateway  
  39  3:50  Pylon  
  39  3:51  Immortal (Chrono Boost)  
  43  4:10  Pylon  
  43  4:16  Sentry x2  
  47  4:21  Pylon  
  47  4:25  Immortal (Chrono Boost)  
  47  4:27  Pylon  
  41  4:45  Adept x2  
  45  4:56  Adept  
  44  5:01  Immortal (Chrono Boost)  
  46  5:11  Adept x2  
  48  5:16  Adept  
  50  5:32  Adept x2  
  55  5:36  Observer (Chrono Boost)  
  49  5:48  Adept  
  37  5:53  Adept  
  37  5:55  Adept  

Tags
 
Add a new tag
Caveats
  • Supply blocks, unpowered buildings, or Contaminate may cause inaccurate times.
  • Supply counts are checked every 10 seconds.